cohdb
Replays
Latest Replays
All Replays
Popular Replays
Top Player Replays
Match Explorer
How It Works
Community
CoH3 Stats
Reddit
Sign in to upload your games and track your stats! →
Sign in with Steam
Match 40847179
Unlisted
Match 40847179
Overview
Messages
Build Orders
End
Selects Armored Battlegroup
Selects Assault Engineers
Assault Engineer Squad
Construct Barracks
Riflemen Squad
M1 Mortar Team
Assault Engineer Squad
Air Support Center
Construct Motor Pool
M8 Greyhound Armored Car
Grasshopper Recon Run
Riflemen Squad
P-47 Strafing Run
M8 Greyhound Armored Car
P-47 Strafing Run
P-47 Dive Bomb
AI Takeover
KiwiS
KHALIFA-MHR
彡★🔻SALADIN🔻★彡
Azure
Joe Cocker
Skymoon
0
0
Comments
sign in to comment!
No comments posted yet!